 Seeded DCSS version 0.25-a0-479-g8579842 (webtiles) character file.

Game seed: 8324011069799046347, levelgen mode: deterministic

4203 Faels the Covert (level 10, -2/94 HPs)
             Began as a Vampire Artificer on Feb 9, 2020.
             Was a Priest of Okawaru.
             Killed from afar by Erolcha (32 damage)
             ... with a crystal spear
             ... on level 9 of the Dungeon.
             The game lasted 00:24:13 (7642 turns).

Faels the Covert (Vampire Artificer)                Turns: 7642, Time: 00:24:14

Health: -2/94      AC:  9    Str: 16    XL:     10   Next: 8%
Magic:  12/12      EV: 11    Int: 15    God:    Okawaru [***...]
Gold:   355        SH:  0    Dex: 17    Spells: 9/9 levels left

rFire    . . .     SeeInvis +   r - +2 rapier (venom)
rCold    . . .     Gourm    .   (no shield)
rNeg     . . .     Faith    .   B - +0 ring mail
rPois    .         Spirit   .   (no helmet)
rElec    .         Reflect  .   M - +1 cloak
rCorr    +         Harm     .   (no gloves)
MR       ++...                  v - +1 pair of boots
Stlth    ..........             k - amulet of regeneration
HPRegen  0.85/turn              Q - ring of resist corrosion
MPRegen  0.13/turn              o - ring of protection from magic

@: berserking, regenerating quickly, very quick
A: no food, fangs 3, see invisible, [frail 1], unbreathing
a: Exsanguinate, Heroism, Renounce Religion


You were on level 9 of the Dungeon.
You worshipped Okawaru.
Okawaru was most pleased with you.
You were alive.

You visited 2 branches of the dungeon, and saw 10 of its levels.
You also visited: Sewer.

You collected 615 gold pieces.
You spent 260 gold pieces at shops.

Inventory:

Hand Weapons
 a - a +0 short sword
 i - a +0 dagger
 m - a cursed +5 great sword
 r - a +2 rapier of venom (weapon)
 A - a +4 spear of freezing
 D - a +2 whip of freezing
 F - a +1 falchion of electrocution
 J - a +2 hand axe of distortion
 T - a +3 long sword
Missiles
 I - 3 poisoned darts (quivered)
 K - 2 silver boomerangs
 L - 4 boomerangs
 O - a throwing net
 S - 3 boomerangs of dispersal
Armour
 b - a +0 leather armour
 v - a +1 pair of boots (worn)
 B - a +0 ring mail (worn)
 M - a +1 cloak (worn)
Jewellery
 j - an uncursed ring of magical power
 k - an amulet of regeneration (around neck)
 o - a ring of protection from magic (right hand)
 G - a +3 ring of dexterity
 Q - a ring of resist corrosion (left hand)
Wands
 c - a wand of flame (15)
 d - a wand of enslavement (23)
 e - a wand of random effects (15)
Scrolls
 l - 4 scrolls of teleportation
 n - a scroll of fog
 s - a scroll of blinking
 t - 5 scrolls of remove curse
 u - 4 scrolls of enchant weapon
 y - a scroll of amnesia {unknown}
 C - a scroll of enchant armour {unknown}
 P - a scroll of noise {unknown}
Potions
 f - a potion of magic {unknown}
 g - 2 potions of flight
 h - a potion of lignification {unknown}
 p - 5 potions of heal wounds
 q - 3 potions of agility
 w - 2 potions of might
 x - 4 potions of brilliance
 z - 4 potions of curing
 E - a potion of berserk rage
 H - a potion of haste
 N - a potion of mutation {unknown}
 R - a potion of invisibility


   Skills:
 - Level 3.3 Fighting
 * Level 10.4(11.6) Short Blades
 * Level 7.9(10.0) Long Blades
 - Level 2.3 Dodging
 + Level 10.5 Stealth
 - Level 2.6 Evocations


You had 9 spell levels left.
You didn't know any spells.
Your spell library was empty.

Dungeon Overview and Level Annotations

Branches:
Dungeon (9/15)             Temple (1/1) D:5           Sewer (visited)
   Lair: D:8-11         Orc: D:9-12

Altars:
Ashenzari
Cheibriados
Dithmenos
Elyvilon
Fedhas
Gozag
Hepliaklqana
Kikubaaqudgha
Makhleb
Nemelex Xobeh
Okawaru
Qazlal
Ru
Sif Muna
Trog
Uskayaw
Vehumet
Wu Jian
Xom
Yredelemnul
Zin
The Shining One

Shops:
D:5 !

Annotations:
D:9 Erolcha


Innate Abilities, Weirdness & Mutations

You do not eat.
Your natural rate of healing is unusually fast.
You have razor-sharp teeth.
You have supernaturally acute eyesight. (SInv)
You can survive without breathing.
[You are frail. (-10% HP)]


Message History

Erolcha casts a spell at you. The bolt of cold hits you.
You hit Erolcha.
Erolcha looks as sick as possible!
Erolcha is moderately wounded.
You barely miss Erolcha.
Erolcha is heavily wounded.
Erolcha gestures wildly while chanting.
Erolcha seems to speed up.
You hit Erolcha.
Erolcha looks as sick as possible!
Erolcha is heavily wounded.
Erolcha hits you with a +0 giant club!
You hit Erolcha but do no damage.
Erolcha looks as sick as possible!
You bite Erolcha, but do no damage.
Erolcha is heavily wounded.
Erolcha hits you with a +0 giant club!!
A red film seems to cover your vision as you go berserk!
You feel yourself moving faster!
You feel mighty!
Erolcha points at you and mumbles some strange words.
The crystal spear hits you!!
You die...

#######.#..................
.........#................#
######..#(................
#####..#...########.#.#.#
........(.................
######O..............#....
#..#...#..###.#.....#
#..#O..#..###.#.#...#
#..#@........)......#
...#.#.#............#
##..#.#.#..###.#.#...#
#..#.#.#..###........
.....................
#.#.#.#.####...#...#
.........###...#...#
....................
#..####..###........


You could see Erolcha.

Vanquished Creatures
  An ugly thing (D:8)
  A gargoyle (D:7)
  A hippogriff (D:8)
  A hungry ghost (D:7)
  A sky beast (D:9)
  4 orc warriors
  An ice beast (D:6)
  A phantom (D:6)
  3 ogres
  4 centaurs
  A crocodile (D:7)
  3 big kobolds (Sewer)
  2 bullfrogs
  A wyvern skeleton (D:6)
  2 scorpions (D:6)
  5 killer bees
  5 wights (D:6)
  5 howler monkeys
  2 crimson imps
  A centaur zombie (D:8)
  6 orc wizards
  2 centaur skeletons
  A gnoll shaman (D:4)
  2 hounds
  3 orc priests
  2 bullfrog skeletons (D:8)
  2 worker ants
  A hound skeleton (D:5)
  A howler monkey zombie (D:7)
  4 gnolls (D:4)
  8 adders
  A howler monkey skeleton (D:6)
  A shadow imp (D:8)
  2 oozes
  An adder skeleton (D:6)
  2 worms
  2 leopard geckos
  23 orcs
  9 bats
  2 giant cockroaches
  8 goblins
  4 hobgoblins
  5 jackals
  2 quokkas
  6 ball pythons
  6 frilled lizards
  A jackal zombie (D:6)
  15 kobolds
  A leopard gecko skeleton (D:4)
  12 rats
180 creatures vanquished.

Notes
Turn   | Place    | Note
-------+----------+-------------------------------------------
     0 | D:1      | Faels the Vampire Artificer began the quest for the Orb.
     0 | D:1      | Reached XP level 1. HP: 14/14 MP: 2/2
    55 | D:1      | Reached skill level 1 in Fighting
   135 | D:1      | You fall into a shaft and drop 1 floor!
   310 | D:1      | Reached XP level 2. HP: 20/21 MP: 3/4
   935 | D:2      | Reached XP level 3. HP: 8/26 MP: 5/5
  1085 | D:2      | Reached XP level 4. HP: 33/33 MP: 6/6
  1830 | D:3      | Found a glowing drain.
  1848 | Sewer    | Entered a sewer
  1965 | Sewer    | Noticed a big kobold
  1979 | Sewer    | Killed a big kobold
  1979 | Sewer    | Reached XP level 5. HP: 32/39 MP: 7/7
  2102 | Sewer    | Reached skill level 5 in Stealth
  2102 | Sewer    | Reached XP level 6. HP: 38/46 MP: 8/8
  2286 | D:3      | Found a sparkling altar of Nemelex Xobeh.
  2890 | D:4      | Found a stormy altar of Qazlal.
  2922 | D:4      | Reached skill level 5 in Short Blades
  3025 | D:4      | Found a sacrificial altar of Ru.
  3077 | D:4      | Reached XP level 7. HP: 49/52 MP: 9/9
  3286 | D:4      | Found a shadowy altar of Dithmenos.
  3459 | D:4      | Found a blossoming altar of Fedhas.
  3788 | D:5      | Entered Level 5 of the Dungeon
  3807 | D:5      | Found a hide-covered altar of Uskayaw.
  3817 | D:5      | Reached skill level 1 in Long Blades
  3897 | D:5      | Found Dyno's Distillery.
  3912 | D:5      | Bought a potion of curing for 39 gold pieces
  3912 | D:5      | Bought a potion of might for 52 gold pieces
  3912 | D:5      | Bought a potion of haste for 130 gold pieces
  3912 | D:5      | Bought a potion of flight for 39 gold pieces
  4206 | D:5      | Found a staircase to the Ecumenical Temple.
  4225 | Temple   | Entered the Ecumenical Temple
  4312 | D:5      | Found a shattered altar of Ashenzari.
  4828 | D:6      | Found an iron altar of Okawaru.
  4879 | D:6      | Found a hazy altar of Hepliaklqana.
  4893 | D:6      | Became a worshipper of Warmaster Okawaru
  4983 | D:6      | Reached XP level 8. HP: 58/58 MP: 10/10
  5368 | D:6      | Reached * piety under Okawaru
  5819 | D:7      | Reached skill level 5 in Long Blades
  6071 | D:7      | Reached XP level 9. HP: 64/64 MP: 11/11
  6138 | D:7      | Reached ** piety under Okawaru
  6139 | D:7      | Noticed a gargoyle
  6161 | D:7      | HP: 3/64 [gargoyle/stone arrow (22)]
  6165 | D:7      | Killed a gargoyle
  6996 | D:8      | Found an iron altar of Okawaru.
  7070 | D:8      | Reached skill level 10 in Stealth
  7221 | D:8      | Reached skill level 10 in Short Blades
  7298 | D:8      | Noticed a green ugly thing
  7311 | D:8      | Killed a green ugly thing
  7311 | D:8      | Reached *** piety under Okawaru
  7397 | D:9      | Reached XP level 10. HP: 56/56 MP: 12/12
  7618 | D:9      | Noticed Erolcha
  7642 | D:9      | Killed from afar by Erolcha

Levels and vault maps discovered:
D:1:      lightli_arrival_windingriver, layout_loops_ring
D:2:      layout_loops_ring
D:3:      layout_loops_corners, nemelex_xobeh_ov_fountains_minmay,
          portal_sewer_entry_d, glass_columns_a
D:4:      layout_layer_cave, lemuel_coloured_pillars_altar, fedhas_altar_2,
          nicolae_qazlal_general_emergency, nicolae_ru_great_annihilating_truth
D:5:      layout_gridville, minmay_temple_entry_arrows, first_ration,
          basic_altar, serial_shops, nicolae_shop_waterfront, ashenzari_altar_1
D:6:      layout_loops_corners, lemuel_doored_altar, lemuel_altar_in_water
D:7:      layout_rooms, grunt_ogre_cave, minmay_crystal_water,
          kennysheep_generic_room_2
D:8:      layout_loops_ring, kennysheep_okawaru_gauntlet, minivault_11
D:9:      layout_basic, kennysheep_windowed_goal, uniq_erolcha
Temple:   nicolae_temple_x_marks_the_god

Skill      XL: |  1  2  3  4  5  6  7  8  9 |
---------------+----------------------------+-----
Fighting       | 1 2 3 |  3.3
Stealth        | 2 3 4 5 7 8 10 | 10.5
Short Blades   | 2 3 4 5 7 8 10 | 10.4
Long Blades    | 3 5 7 |  7.9
Dodging        | |  2.3
Evocations     | |  2.6

Action                   |  1- 3 |  4- 6 |  7- 9 | 10-12 || total
-------------------------+-------+-------+-------+-------++-------
Melee: Short sword       |    15 |       |       |       ||    15
       Dagger            |    48 |       |       |       ||    48
       Bite              |     7 |     9 |    44 |     8 ||    68
       Rapier            |    25 |   145 |   264 |    35 ||   469
       Falchion          |       |       |    74 |       ||    74
       Spear             |       |       |     2 |       ||     2
Throw: Dart              |       |       |    10 |     4 ||    14
Invok: Heroism           |       |       |     3 |     1 ||     4
 Abil: Exsanguinate      |       |       |     1 |       ||     1
       Revivify          |       |       |       |     1 ||     1
  Use: Scroll            |       |     1 |    10 |     1 ||    12
       Potion            |       |       |     3 |     1 ||     4
 Stab: Sleeping          |     3 |    13 |    15 |       ||    31
       Paralysed         |       |     1 |       |       ||     1
       Distracted        |       |       |     1 |       ||     1
Armor: Leather armour    |    13 |    34 |       |       ||    47
       Ring mail         |       |    11 |    81 |     8 ||   100
Dodge: Dodged            |    60 |    82 |   130 |    21 ||   293
       Rpst.: Falchion   |       |       |     7 |       ||     7

Table legend:
 A = Non-vault XP
 B = Vault XP
 C = Vault XP percentage of total XP
 D = Non-vault monster count
 E = Vault monster count
 F = Vault count percentage of total count
                 A         B        C        D         E       F
            +---------+---------+-------+---------+---------+-------
      Total |    5390 |     615 |  10.2 |     146 |      34 |  18.9
            +---------+---------+-------+---------+---------+-------
        D:1 |      25 |       0 |   0.0 |      15 |       0 |   0.0
        D:2 |     115 |       0 |   0.0 |      24 |       0 |   0.0
        D:3 |       9 |      14 |  60.9 |       6 |       1 |  14.3
        D:4 |     332 |      56 |  14.4 |      17 |       4 |  19.0
        D:5 |     182 |       0 |   0.0 |       5 |       0 |   0.0
        D:6 |    1264 |       0 |   0.0 |      27 |       0 |   0.0
        D:7 |    1380 |     227 |  14.1 |      19 |       3 |  13.6
        D:8 |    1585 |       4 |   0.3 |      25 |       2 |   7.4
        D:9 |     498 |       0 |   0.0 |       8 |       0 |   0.0
      Sewer |       0 |     314 | 100.0 |       0 |      24 | 100.0
            +---------+---------+-------+---------+---------+-------
